 Seeded DCSS version 0.27.1 (webtiles) character file.

Game seed: 2859740041104659127 (custom seed)

123 voltaire321 the Chiller (level 4, 0/32 HPs)
             Began as a Demonspawn Ice Elementalist on Aug 24, 2021.
             Slain by Sigmund (7 damage)
             ... on level 3 of the Dungeon.
             The game lasted 00:08:12 (2910 turns).

voltaire321 the Chiller (DsIE)                      Turns: 2910, Time: 00:08:13

Health: 0/32       AC:  3    Str:  9    XL:     4   Next: 79%
Magic:  12/16      EV: 13    Int: 19    God:
Gold:   93         SH:  0    Dex: 19    Spells: 1/8 levels left

rFire    . . .     SeeInvis .   d - +0 dagger (freeze)
rCold    . . .     Faith    .   (no shield)
rNeg     . . .     Spirit   .   a - +0 robe
rPois    +         Reflect  .   (helmet restricted)
rElec    .         Harm     .   m - +0 cloak {rPois}
rCorr    .         Rampage  .   (no gloves)
Will     .....     Clarity  +   (no boots)
Stlth    ++........             (no amulet)
HPRegen  0.10/turn              i - ring of magical power
MPRegen  0.15/turn              l - +6 ring of dexterity

@: mighty
A: big brain 1, demonic magic 1, claws 1, horns 1, clarity, low mp 1
a: no special abilities


You were on level 3 of the Dungeon.
You visited 1 branch of the dungeon, and saw 3 of its levels.

You collected 93 gold pieces.

Inventory:

Hand Weapons
 d - a +0 dagger of freezing (weapon)
Armour
 a - a +0 robe (worn)
 m - a +0 cloak of poison resistance (worn)
Jewellery
 i - a ring of magical power (left claw)
 l - a +6 ring of dexterity (right claw)
 n - a ring of flight
Scrolls
 b - a scroll of enchant armour {unknown}
 e - 2 scrolls of identify {unknown}
 f - a scroll of vulnerability {unknown}
 j - a scroll of enchant weapon {unknown}
Potions
 k - a potion of flight {unknown}


   Skills:
 + Level 1.4 Fighting
 + Level 2.5 Dodging
 + Level 2.5 Stealth
 + Level 2.5 Spellcasting
 + Level 4.4 Ice Magic


You had one spell level left.
You knew the following spells:

 Your Spells              Type           Power      Damage    Failure   Level
a - Freeze                Ice            76%        1d9       2%          1
b - Frozen Ramparts       Ice            38%        1d5       8%          3
c - Ozocubu's Armour      Ice            19%        N/A       8%          3

Your spell library contained the following spells:

 Spells                   Type           Power      Damage    Failure   Level
 Hailstorm                Conj/Ice       10%        3d5       54%         4


Dungeon Overview and Level Annotations

Branches:
Dungeon (3/15)

Altars:

Annotations:
D:3 Sigmund


Innate Abilities, Weirdness & Mutations

You have an unusually large brain. (Int +2)
Spells you cast may paralyse adjacent enemies.
You have sharp fingernails.
You have a pair of small horns on your head.
You possess an exceptional clarity of mind.
Your magical capacity is low. (-10% MP)


Message History

It was a potion of mutation.
You feel extremely strange.
You feel less energetic.
Your fingernails lengthen.
A pair of horns grows on your head!
Your thoughts seem clearer.
The wall freezes Sigmund.
Sigmund laughs darkly.
Sigmund closely misses you.
The wall freezes Sigmund.
Sigmund hits you from afar with a +0 scythe.
* * * LOW HITPOINT WARNING * * *
The wall freezes Sigmund.
Sigmund hits you from afar with a +0 scythe.
* * * LOW HITPOINT WARNING * * *
The frozen ramparts melt away.
Sigmund hits you but does no damage.
Your icy armour will break if you move.
Continue?
Okay, then.
It was a potion of curing.
You feel better. Sigmund gestures at you while chanting.
The magic dart hits you.
* * * LOW HITPOINT WARNING * * *
It was a potion of might.
You feel very mighty all of a sudden. Sigmund misses you.
Casting: Frozen Ramparts (quite dangerous; 8% risk of failure)
Confirm with . or Enter, or press ? or * to list all spells.
Okay, then.
Your icy armour will break if you move.
Continue? [Y]es or [N]o only, please.
Your icy armour will break if you move.
Continue?
Okay, then.
Unknown command.
Your icy armour will break if you move.
Continue?
Your icy armour cracks and falls away as you move.
You hit Sigmund. You freeze Sigmund. You headbutt Sigmund!
Sigmund is almost dead.
Sigmund gestures wildly while chanting.
Sigmund flickers and vanishes!
Deactivating autopickup; reactivate with Ctrl-A.
You closely miss something. Something hits you but does no damage.
You hit something but do no damage. Something hits you!
You die...

# #### #### #. #..# ...
.##..# # ....##### # #.......
## #.#....###### .####
.#..{@........
†...###.#.......#.###########
..............#.............#
.#..#######...#.###########.#
###......>....#. #.#
##.###..#.###.# #.#
###........^..... #.#
.#........#.###. #.#
....(.....# #.#


There were no monsters in sight!

Vanquished Creatures
  Crazy Yiuf (D:2)
  5 adders
  A worm (D:2)
  2 dart slugs (D:1)
  5 ball pythons
  6 bats
  3 endoplasms
  A giant cockroach (D:1)
  4 hobgoblins
  2 jackals (D:2)
  2 quokkas
  2 frilled lizards
  5 goblins
  A kobold (D:1)
  4 rats
44 creatures vanquished.

Notes
Turn   | Place    | Note
-------+----------+-------------------------------------------
     0 | D:1      | voltaire321 the Demonspawn Ice Elementalist began the quest
                  | for the Orb.
     0 | D:1      | Reached XP level 1. HP: 13/13 MP: 3/3
   500 | D:1      | Reached skill level 4 in Ice Magic
   500 | D:1      | Gained mutation: You have an unusually large brain. (Int
                  | +2) [demonic ancestry]
   500 | D:1      | Reached XP level 2. HP: 5/19 MP: 0/5
  1147 | D:1      | Found a faded altar of an unknown god.
  1412 | D:2      | Reached XP level 3. HP: 25/25 MP: 3/6
  2055 | D:2      | Reached skill level 1 in Fighting
  2055 | D:2      | Gained mutation: Spells you cast may paralyse adjacent
                  | enemies. [demonic ancestry]
  2055 | D:2      | Reached XP level 4. HP: 32/32 MP: 7/7
  2595 | D:2      | Found a runed translucent door.
  2596 | D:2      | Noticed Crazy Yiuf
  2606 | D:2      | Learned a level 3 spell: Frozen Ramparts
  2610 | D:2      | Learned a level 3 spell: Ozocubu's Armour
  2621 | D:2      | Killed Crazy Yiuf
  2837 | D:3      | Noticed Sigmund
  2899 | D:3      | Gained mutation: Your magical capacity is low. (-10% MP)
                  | [potion of mutation]
  2899 | D:3      | Gained mutation: You have sharp fingernails. [potion of
                  | mutation]
  2899 | D:3      | Gained mutation: You have a pair of small horns on your
                  | head. [potion of mutation]
  2899 | D:3      | Gained mutation: You possess an exceptional clarity of
                  | mind. [potion of mutation]
  2910 | D:3      | Slain by Sigmund

Illustrated notes

Levels and vault maps discovered:
D:1:      minmay_arrival_wavy_path, layout_rooms,
          shapermc_ecumenical_altar_totnotflames
D:2:      layout_loops_cross, minmay_circle_x, uniq_crazy_yiuf_cottage
D:3:      layout_basic, minmay_fractal_squares_gapless_5, uniq_sigmund

Skill      XL: |  1  2  3 |
---------------+----------+-----
Ice Magic      | 4 |  4.4
Dodging        | 2 |  2.5
Stealth        | 2 |  2.5
Fighting       | 1 |  1.4
Spellcasting   | |  2.5

Action                   |  1- 3 |  4- 6 || total
-------------------------+-------+-------++-------
Melee: Dagger            |    32 |    17 ||    49
       Headbutt          |       |     1 ||     1
 Cast: Freeze            |    37 |    16 ||    53
       Ozocubu's Armour  |       |     1 ||     1
       Frozen Ramparts   |       |     1 ||     1
  Use: Potion            |       |     3 ||     3
 Stab: Sleeping          |     6 |     2 ||     8
Armor: Robe              |     5 |     8 ||    13
Dodge: Dodged            |    32 |    16 ||    48
